 Dungeon Crawl Stone Soup version 0.21.1-1-g345015f (webtiles) character file.

175 goulibeur the Distorting Demonspawn (level 5, -16/42 HPs)
             Began as a Demonspawn Abyssal Knight on June 21, 2018.
             Was a Believer of Lugonu.
             Demolished by a two-headed ogre
             ... wielding a +0 dire flail
              (17 damage)
             ... on level 4 of the Dungeon.
             The game lasted 00:11:27 (2847 turns).

goulibeur the Distorting Demonspawn (DsAK)          Turns: 2847, Time: 00:11:28

Health: -16/42     AC:  7    Str: 12    XL:     5   Next: 29%
Magic:  8/8        EV:  9    Int: 14    God:    Lugonu [**....]
Gold:   140        SH:  2    Dex: 13    Spells: 4/4 levels left

rFire    . . .     SeeInvis .   a - +1 short sword
rCold    . . .     Gourm    .   f - -1 buckler (curse)
rNeg     . . .     Faith    .   l - +1 scale mail
rPois    .         Spirit   .   (no helmet)
rElec    .         Reflect  .   (no cloak)
rCorr    +         Harm     .   (no gloves)
MR       .....                  (no boots)
Stlth    ..........             (no amulet)
HPRegen  0.14/turn              e - ring of resist corrosion
MPRegen  0.11/turn              (no ring)

@: no status effects
A: talons 2, spiny 1
a: Depart the Abyss, Bend Space, Renounce Religion


You were on level 4 of the Dungeon.
You worshipped Lugonu.
Lugonu was pleased with you.
You were very hungry.

You visited 1 branch of the dungeon, and saw 4 of its levels.
You visited the Abyss 1 time.

You collected 140 gold pieces.

Inventory:

Hand Weapons
 a - a +1 short sword (weapon)
Armour
 b - a +0 leather armour
 f - a cursed -1 buckler (worn)
 g - a +0 chain mail
 l - a +1 scale mail (worn)
Jewellery
 e - a ring of resist corrosion (left hand)
Wands
 k - a wand of random effects (27)
 p - a wand of iceblast (6)
Scrolls
 h - 2 scrolls of teleportation
 j - 3 scrolls of identify
 n - a scroll of remove curse {unknown}
Potions
 d - a potion of flight
 i - a potion of curing {unknown}
 o - a potion of heal wounds {unknown}
Books
 m - a book of Changes

   Spells                             Type                      Level
   a - Beastly Appendage              Transmutation                1
   b - Sticks to Snakes               Transmutation                2
   c - Spider Form                    Transmutation/Poison         3
   d - Ice Form                       Ice/Transmutation            4
   e - Blade Hands                    Transmutation                5
Comestibles
 c - 6 rations


   Skills:
 + Level 3.7 Fighting
 - Level 1.7 Short Blades
 + Level 2.6 Armour
 + Level 2.1 Dodging
 + Level 0.3 Shields
 * Level 4.9 Invocations


You had 4 spell levels left.
You didn't know any spells.

Dungeon Overview and Level Annotations

Branches:
Dungeon (4/15)
 Temple: D:4-7

Altars:
Cheibriados
Nemelex Xobeh
Okawaru
Sif Muna
The Shining One

Annotations:
D:3 HyperWeapon's ghost, amateur MiFi


Innate Abilities, Weirdness & Mutations

You have razor-sharp toenails.
You are partially covered in sharp spines.


Message History

Okay, then.
A two-headed ogre is nearby!
An orc skeleton comes into view.
There is an open door here.
Found 12 gold pieces.
The two-headed ogre hits you with a dire flail!
The two-headed ogre hits you with a giant spiked club!!
* * * LOW HITPOINT WARNING * * *
A centaur skeleton comes into view.
You hit the centaur skeleton.
The centaur skeleton is moderately damaged.
The centaur skeleton hits you.
* * * LOW HITPOINT WARNING * * *
The two-headed ogre completely misses you.
The two-headed ogre barely misses you.
You hit the centaur skeleton.
The centaur skeleton is moderately damaged.
The centaur skeleton hits you but does no damage.
The two-headed ogre hits you with a dire flail!
You die...

###......Z.....###
...............Z.#
.....#########.#.#
.....####### #.#.#
...........# #.#.#
...Z.......###.#.#
...#...##(..##.#.#
#..#'.###......#O#
#......##..###.#@#
#......##..# .#Z#
.+.._..+...# .#.#
##.....##..# .#.#
......##..# .#.#
.#..+#.##..# .#..
.###. ..#.. .### .
...


You could see a two-headed ogre, an orc skeleton and a centaur skeleton.

Vanquished Creatures
  A crimson imp (D:4)
  Jessica (D:2)
  4 adders
  An ooze (D:4)
  2 worms (D:2)
  A dart slug (D:2)
  2 leopard geckos (D:2)
  4 giant cockroaches
  4 hobgoblins
  5 jackals (D:3)
  5 kobolds
  A quokka (D:2)
  6 bats
  6 frilled lizards
  8 goblins
  3 hobgoblin zombies (D:4)
  A kobold skeleton (D:4)
  A kobold zombie (D:4)
  A leopard gecko skeleton (D:4)
  2 orc skeletons (D:4)
  An orc zombie (D:4)
  9 rats
69 creatures vanquished.

Notes
Turn   | Place    | Note
-------+----------+-------------------------------------------
     0 | Abyss:1  | goulibeur the Demonspawn Abyssal Knight began the quest for the Orb.
     0 | Abyss:1  | Reached XP level 1. HP: 18/18 MP: 2/2
    36 | Abyss:1  | Noticed a neqoxec
    38 | D:1      | Escaped the Abyss
   113 | D:1      | Reached * piety under Lugonu
   113 | D:1      | Reached skill level 1 in Dodging
   298 | D:1      | Reached skill level 3 in Invocations
   298 | D:1      | Gained mutation: You have sharp toenails. [demonic ancestry]
   298 | D:1      | Reached XP level 2. HP: 24/24 MP: 2/4
  1125 | D:2      | Gained mutation: You have razor-sharp toenails. [demonic ancestry]
  1125 | D:2      | Reached XP level 3. HP: 24/29 MP: 5/5
  1194 | D:2      | Found an iron altar of Okawaru.
  1323 | D:2      | Noticed Jessica
  1330 | D:2      | Killed Jessica
  1330 | D:2      | Reached skill level 4 in Invocations
  1330 | D:2      | Gained mutation: You are partially covered in sharp spines. [demonic ancestry]
  1330 | D:2      | Reached XP level 4. HP: 30/35 MP: 5/7
  1528 | D:2      | Found a sparkling altar of Nemelex Xobeh.
  1579 | D:2      | Reached ** piety under Lugonu
  1670 | D:2      | Found a snail-covered altar of Cheibriados.
  1712 | D:2      | Found a deep blue altar of Sif Muna.
  2271 | D:3      | Noticed HyperWeapon's ghost (amateur MiFi)
  2749 | D:4      | Found a glowing golden altar of the Shining One.
  2753 | D:4      | Reached XP level 5. HP: 42/42 MP: 8/8
  2808 | D:4      | Noticed a two-headed ogre
  2828 | D:4      | HP: 2/42 [two-headed ogre/dire flail (18)]
  2846 | D:4      | HP: 1/42 [centaur skeleton (4)]
  2847 | D:4      | Demolished by a two-headed ogre

Skill      XL: |  1  2  3  4 |
---------------+-------------+-----
Dodging        | 1 2 |  2.1
Invocations    | 3 4 |  4.9
Armour         | 2 |  2.6
Fighting       | |  3.7
Short Blades   | |  1.7
Shields        | |  0.3

Action                   |  1- 3 |  4- 6 || total
-------------------------+-------+-------++-------
Melee: Short sword       |   116 |    98 ||   214
       Kick              |    13 |    31 ||    44
Invok: Depart the Abyss  |     1 |       ||     1
Evoke: Wand              |       |     1 ||     1
  Use: Scroll            |     5 |     1 ||     6
  Eat: Chunk             |     1 |     4 ||     5
Armor: Leather armour    |    24 |       ||    24
       Scale mail        |    12 |    38 ||    50
Dodge: Dodged            |    66 |    34 ||   100
Block: Buckler           |       |     1 ||     1
